Map: Rhoskallian LE

Players

qqq - Winner!

  • Race: Zerg Zerg
  • Spawn Location: 11:00

Massa - Winner!

  • Race: Terran Terran
  • League: Platinum
  • Spawn Location: 12:00

FRiESE

  • Race: Protoss Protoss
  • Spawn Location: 6:00

Tainan

  • Race: Protoss Protoss
  • Spawn Location: 5:00

VOD

Have the link to the VOD?

Description

Time

  • Played on: Oct. 5, 2020, 4:38 p.m.
  • Length: 13:05
Show
View Real Time Build Order
Export as new Build Order

qqq Zerg - Winner!

Build Orders: Hatch First, Swarm Host 

Get SALT Encoding   

  12  0:00  Drone  
  13  0:08  Drone  
  14  0:44  Hatchery  
  13  0:53  Spawning Pool  
  13  0:56  Drone  
  13  1:04  Overlord  
  13  1:10  Drone  
  14  1:14  Extractor  
  14  1:18  Drone  
  14  1:32  Drone x2  
  16  1:40  Drone  
  17  2:03  Drone x2  
  17  2:05  Drone  
  17  2:07  Drone  
  21  2:19  Lair  
  21  2:20  Drone  
  21  2:22  Drone  
  23  2:25  Queen  
  23  2:29  Zergling x2  
  26  2:30  Drone  
  27  2:41  Zergling x2  
  28  2:48  Overlord  
  28  2:49  Overlord  
  28  2:50  Overlord  
  28  3:06  Overlord  
  28  3:13  Drone x2  
  28  3:16  Extractor  
  28  3:17  Drone x2  
  31  3:22  Spore Crawler  
  31  3:23  Spore Crawler  
  29  3:30  Drone  
  29  3:32  Drone  
  31  3:38  Drone  
  32  3:43  Infestation Pit  
  32  3:45  Drone x2, Hydralisk Den  
  32  3:53  Queen  
  34  3:57  Drone  
  34  3:59  Drone  
  36  4:03  Drone  
  36  4:05  Drone  
  36  4:09  Drone  
  39  4:15  Hydralisk  
  41  4:23  Drone  
  42  4:24  Nydus Network  
  42  4:27  Drone x2  
  43  4:31  Hydralisk  
  43  4:36  Drone x2  
  43  4:38  Drone  
  48  4:42  Hydralisk  
  48  4:44  Drone  
  51  4:49  Drone  
  52  4:53  Swarm Host  
  56  5:00  Drone x3  
  56  5:04  Extractor  
  56  5:06  Hydralisk  
  59  5:12  Overlord x2  
  59  5:14  Drone  
  59  5:21  Extractor  
  59  5:25  Drone  
  60  5:31  Swarm Host x2  
  60  5:33  Drone  
  60  5:34  Drone  
  60  5:35  Hatchery  
  67  5:37  Drone  
  67  5:38  Drone  
  69  5:43  Swarm Host  
  69  5:48  Nydus Canal  
  72  5:52  Swarm Host  
  74  6:07  Muscular Augments  
  74  6:17  Overlord x4  
  74  6:29  Spore Crawler  
  74  6:31  Hatchery  
  72  6:35  Hydralisk x5  
  82  6:40  Swarm Host  
  82  6:43  Swarm Host  
  88  6:52  Hydralisk  
  88  6:53  Hydralisk  
  92  6:57  Drone  
  93  7:09  Drone, Hydralisk x2  
  93  7:10  Evolution Chamber  
  93  7:13  Drone x2  
  93  7:14  Overlord  
  99  7:19  Grooved Spines  
  99  7:29  Swarm Host  
  99  7:30  Swarm Host  
  105  7:44  Nydus Canal  
  105  7:47  Hydralisk, Swarm Host  
  105  7:48  Swarm Host  
  113  7:58  Swarm Host  
  113  8:00  Hydralisk  
  113  8:01  Drone  
  113  8:02  Drone  
  113  8:04  Overlord x2  
  113  8:05  Overlord x3  
  120  8:10  Zerg Missile Weapons Level 1  
  120  8:13  Spore Crawler  
  119  8:22  Queen  
  116  8:44  Swarm Host x2  
  116  8:45  Swarm Host x3  
  114  9:09  Hydralisk x5  
  122  9:16  Nydus Canal  
  124  9:18  Drone x3  
  124  9:20  Spore Crawler  
  124  9:21  Spore Crawler  
  124  9:22  Drone x3  
  124  9:24  Queen  
  130  9:33  Drone  
  130  9:34  Drone, Hydralisk x4  
  130  9:36  Zergling x4  
  130  9:37  Zergling x10  
  147  9:46  Hydralisk  
  149  10:04  Hydralisk x2  
  149  10:05  Hydralisk x3  
  159  10:19  Overlord x2  
  159  10:20  Overlord x4  
  159  10:23  Nydus Canal  
  159  10:33  Metabolic Boost  
  158  10:57  Nydus Canal  
  158  10:59  Drone  
  158  11:00  Drone x6  
  158  11:01  Hydralisk x6  
  158  11:02  Hydralisk x2  
  181  11:27  Hydralisk x4  
  181  11:28  Hydralisk  
  173  12:03  Hydralisk  
  173  12:04  Hydralisk x5  
  185  12:13  Extractor  
  185  12:14  Extractor  
  183  12:16  Extractor  
  183  12:17  Extractor  
  181  12:37  Hydralisk x5  
  181  12:38  Hydralisk  
  181  12:40  Drone x2  
  181  12:41  Drone x4  
  181  12:43  Hatchery  
  181  12:44  Hatchery  
  197  12:49  Hatchery  
  196  12:57  Hatchery  
  185  13:03  Hatchery  
  185  13:05  Hatchery  
Show
View Real Time Build Order
Export as new Build Order

Massa Terran - Winner!

Build Orders: Gas First Reaper Expand 

Get SALT Encoding   

  12  0:00  SCV  
  13  0:12  SCV  
  14  0:23  Supply Depot  
  14  0:24  SCV  
  15  0:31  Refinery  
  15  0:45  SCV  
  15  0:46  Barracks  
  16  0:57  SCV  
  17  1:09  SCV  
  18  1:21  SCV  
  19  1:34  Reaper, Orbital Command  
  20  1:47  Command Center  
  20  2:00  SCV  
  21  2:05  Marine  
  22  2:11  Supply Depot  
  22  2:18  Factory  
  22  2:20  SCV  
  23  2:25  Barracks Reactor  
  23  2:33  SCV  
  24  2:46  Supply Depot x2  
  24  2:48  Barracks  
  24  3:00  Orbital Command  
  24  3:02  SCV  
  25  3:14  SCV  
  26  3:31  Hellion x2  
  26  3:32  Marine  
  30  3:34  SCV x2  
  32  3:44  Barracks Tech Lab, Engineering Bay  
  32  3:50  Marine  
  32  3:52  Hellion x2  
  37  3:59  Starport  
  37  4:05  Refinery, Stimpack  
  37  4:07  Marine  
  39  4:11  Barracks Reactor  
  39  4:14  Widow Mine x2  
  42  4:23  Missile Turret  
  42  4:25  Marine  
  42  4:26  Missile Turret  
  43  4:38  Refinery  
  43  4:45  Armory  
  43  4:48  Command Center  
  43  4:55  Supply Depot  
  43  4:56  Refinery, SCV x2  
  45  5:13  Barracks  
  45  5:14  Factory Tech Lab  
  45  5:17  Medivac  
  45  5:21  Marine, Terran Infantry Weapons Level 1  
  47  5:24  Marine  
  49  5:30  Marine  
  49  5:34  SCV  
  51  5:37  SCV  
  51  5:39  Marine  
  53  5:44  Cyclone  
  53  5:48  Medivac  
  58  5:53  Marine  
  59  5:57  Marine  
  59  5:59  Missile Turret  
  60  6:04  Engineering Bay  
  60  6:06  Orbital Command  
  60  6:08  SCV  
  61  6:14  SCV  
  62  6:18  Marine  
  62  6:19  Marine  
  62  6:20  SCV  
  62  6:21  Marine  
  62  6:22  Marine  
  62  6:25  Combat Shield  
  67  6:26  SCV  
  58  7:02  Cyclone  
  58  7:04  Marine  
  58  7:05  Marauder, Marine x3  
  67  7:11  Terran Vehicle Weapons Level 1  
  67  7:15  Terran Infantry Armor Level 1  
  67  7:16  SCV x3  
  67  7:22  Marine x2  
  70  7:23  Terran Infantry Weapons Level 2, Marine  
  70  7:26  Marauder  
  70  7:27  Medivac  
  77  7:32  Marine  
  78  7:38  Cyclone  
  78  7:40  Marine x3  
  78  7:42  Mag-Field Accelerator  
  84  7:46  SCV  
  85  7:53  Supply Depot  
  85  7:56  Supply Depot  
  85  8:01  Supply Depot  
  85  8:14  Marine x2  
  85  8:15  SCV x2, Marauder, Marine x2  
  93  8:32  Marine x4  
  95  8:36  Marauder  
  97  8:50  Marine x4  
  101  8:58  Marauder  
  103  9:08  Marine  
  102  9:16  Marine x3  
  105  9:18  SCV x2  
  105  9:19  Orbital Command  
  105  9:21  Marauder  
  109  9:37  Supply Depot  
  109  9:38  Supply Depot  
  109  9:40  Supply Depot  
  109  9:43  Supply Depot  
  109  9:44  Supply Depot  
  109  9:49  Marine  
  109  9:50  SCV  
  108  9:53  SCV  
  108  9:58  Marine x2  
  108  9:59  Marauder, Marine  
  117  10:00  Cyclone  
  117  10:01  Medivac  
  117  10:02  SCV  
  117  10:03  Supply Depot  
  117  10:04  Supply Depot  
  117  10:05  SCV  
  117  10:06  Supply Depot  
  121  10:07  Marine, Supply Depot  
  122  10:16  Marine x2  
  122  10:20  Marauder  
  126  10:31  Medivac  
  126  10:32  Cyclone  
  121  10:42  Marauder  
  111  10:56  Marine x4  
  115  11:01  Medivac  
  115  11:03  Marauder  
  115  11:04  Cyclone  
  103  11:14  Marine x4  
  93  11:25  Marauder  
  83  11:29  SCV x2  
  83  11:30  SCV  
  83  11:31  Marine, Medivac  
  83  11:32  Marine x3  
  92  11:34  Barracks  
  92  11:35  Barracks  
  92  11:36  Cyclone  
  95  11:41  SCV  
  95  11:42  SCV x2  
  95  11:46  Marauder  
  100  11:49  Marine  
  100  11:50  Marine x3  
  104  12:01  Medivac  
  106  12:07  Marauder, Marine x2, Missile Turret  
  106  12:08  Cyclone, Marine x2  
  115  12:12  Missile Turret  
  115  12:17  Factory  
  115  12:19  Refinery  
  115  12:25  Marine x4  
  115  12:29  Marauder  
  121  12:31  Command Center  
  117  12:54  Barracks Tech Lab  
  117  12:57  Barracks Tech Lab  
  115  13:01  Factory Tech Lab  
Show
View Real Time Build Order
Export as new Build Order

FRiESE Protoss 

Build Orders:  

Get SALT Encoding   

  12  0:01  Probe  
  13  0:13  Probe  
  14  0:20  Pylon  
  14  0:25  Probe  
  15  0:39  Gateway  
  15  0:40  Probe  
  16  0:46  Assimilator  
  16  0:54  Probe  
  17  1:06  Probe  
  18  1:13  Gateway  
  18  1:18  Probe  
  19  1:30  Probe  
  20  1:39  Cybernetics Core  
  20  1:45  Probe  
  21  1:57  Probe  
  21  1:59  Pylon  
  22  2:09  Probe  
  23  2:21  Nexus  
  23  2:24  Stalker (Chrono Boost)  
  23  2:25  Pylon  
  25  2:36  Probe, Assimilator  
  26  2:42  Adept (Chrono Boost)  
  28  3:03  Probe  
  29  3:15  Probe, Pylon  
  29  3:37  Probe x2 (Chrono Boost)  
  31  3:47  Robotics Facility  
  31  3:48  Probe x2 (Chrono Boost)  
  33  3:50  Twilight Council, Stalker  
  33  3:51  Zealot  
  33  3:54  Probe x2 (Chrono Boost)  
  40  4:04  Probe (Chrono Boost)  
  40  4:05  Probe (Chrono Boost)  
  40  4:09  Probe x2 (Chrono Boost)  
  41  4:10  Warp Gate (Chrono Boost)  
  43  4:19  Probe x2  
  43  4:23  Gateway  
  45  4:25  Pylon  
  45  4:30  Zealot x2  
  45  4:31  Probe x2  
  51  4:33  Charge (Chrono Boost)  
  51  4:35  Observer  
  52  4:41  Pylon  
  52  4:43  Probe x2  
  54  4:55  Probe x2  
  54  4:59  Assimilator  
  56  5:04  Assimilator  
  56  5:12  Probe x2  
  58  5:35  Probe x2  
  64  5:47  Probe  
  61  5:53  Observer  
  62  6:01  Pylon  
  62  6:02  Zealot  
  62  6:03  Zealot x2  
  68  6:23  Stalker  
  68  6:24  Stalker x2  
  78  6:32  Immortal  
  78  6:40  Robotics Bay  
  47  7:11  Zealot x3  
  47  7:14  Probe x2  
  55  7:26  Probe x2  
  57  7:38  Probe x2  
  59  7:50  Zealot x2  
  59  7:51  Zealot  
  65  7:55  Probe x2 (Chrono Boost)  
  69  8:06  Probe x2 (Chrono Boost)  
  69  8:11  Probe x2 (Chrono Boost)  
  61  8:32  Stalker x3  
  38  9:07  Probe x2  
  30  9:19  Probe x2  
  30  9:20  Zealot x2  
  30  9:21  Zealot  
  37  9:26  Extended Thermal Lance (Chrono Boost)  
  37  9:30  Colossus (Chrono Boost)  
  37  9:31  Probe x2  
  45  9:41  Gateway  
  45  9:42  Gateway  
  45  9:43  Probe x2  
  47  9:51  Gateway  
  47  9:54  Stalker x2  
  47  9:55  Probe x2, Stalker  
  53  10:07  Probe  
  50  10:20  Colossus (Chrono Boost)  
  52  10:23  Stalker x3  
  56  10:40  Zealot x2  
  44  11:00  Zealot x4  
  47  11:15  Colossus (Chrono Boost)  
  45  11:22  Zealot x2  
  45  11:23  Zealot x2  
  46  11:54  Zealot x4  
  42  12:23  Zealot x3  
  42  12:24  Zealot  
  36  12:45  Zealot x4  
Show
View Real Time Build Order
Export as new Build Order

Tainan Protoss 

Build Orders: Phoenix Opening 

Get SALT Encoding   

  12  0:00  Probe  
  13  0:13  Probe  
  14  0:20  Pylon  
  14  0:25  Probe  
  15  0:38  Probe (Chrono Boost)  
  15  0:41  Gateway  
  16  0:47  Probe (Chrono Boost)  
  17  0:52  Probe (Chrono Boost)  
  18  1:03  Assimilator  
  18  1:04  Probe (Chrono Boost)  
  19  1:14  Probe (Chrono Boost)  
  20  1:19  Probe (Chrono Boost), Pylon  
  21  1:30  Probe  
  22  1:42  Probe  
  22  1:45  Cybernetics Core  
  23  2:00  Probe  
  24  2:03  Nexus  
  24  2:13  Probe, Assimilator  
  25  2:23  Adept  
  27  2:34  Probe  
  28  2:46  Stargate  
  27  3:10  Probe, Robotics Facility  
  28  3:15  Probe  
  29  3:22  Probe  
  29  3:25  Assimilator  
  30  3:27  Probe (Chrono Boost)  
  30  3:29  Assimilator  
  32  3:34  Probe (Chrono Boost)  
  32  3:39  Probe (Chrono Boost), Phoenix  
  35  3:45  Probe (Chrono Boost)  
  35  3:46  Probe (Chrono Boost)  
  37  3:49  Probe (Chrono Boost)  
  37  3:54  Probe  
  39  3:56  Stargate  
  39  4:00  Probe  
  40  4:03  Warp Gate  
  40  4:06  Probe  
  41  4:12  Probe  
  41  4:14  Phoenix  
  41  4:16  Observer  
  45  4:22  Probe  
  46  4:26  Forge  
  46  4:34  Pylon  
  46  4:36  Pylon  
  46  4:49  Pylon  
  46  4:52  Probe x2, Warp Prism  
  50  4:55  Pylon  
  50  5:06  Probe  
  51  5:16  Probe  
  52  5:22  Stargate  
  52  5:35  Phoenix  
  52  5:36  Phoenix  
  52  5:42  Cybernetics Core  
  56  5:53  Probe x2  
  58  5:58  Protoss Air Weapons Level 1  
  58  6:04  Nexus  
  58  6:05  Probe x2  
  60  6:17  Probe  
  73  6:22  Phoenix x3  
  67  6:28  Pylon  
  67  6:36  Fleet Beacon  
  67  6:39  Stargate  
  67  6:41  Stargate  
  67  6:45  Protoss Air Armor Level 1  
  67  7:07  Photon Cannon  
  67  7:09  Photon Cannon  
  67  7:11  Photon Cannon  
  67  7:13  Shield Battery x2  
  67  7:15  Pylon  
  67  7:16  Phoenix x3  
  73  7:34  Assimilator  
  73  7:38  Assimilator  
  73  7:41  Phoenix x3  
  73  7:43  Photon Cannon  
  79  8:09  Probe x3  
  79  8:12  Pylon  
  82  8:14  Anion Pulse-Crystals  
  82  8:21  Probe  
  75  9:04  Phoenix x3  
  75  9:05  Phoenix  
  83  9:15  Gateway x2  
  81  9:35  Gateway  
  81  9:39  Probe x3  
  84  9:51  Probe x2  
  84  9:52  Probe  
  87  10:03  Probe x2  
  87  10:04  Probe  
  90  10:10  Carrier (Chrono Boost)  
  90  10:11  Carrier (Chrono Boost)  
  98  10:39  Pylon  
  98  10:41  Pylon  
  93  10:43  Pylon  
  93  10:44  Pylon  
  88  11:05  Carrier (Chrono Boost)  
  73  12:11  Pylon  
  73  12:12  Pylon  
  73  12:14  Pylon  
  73  12:17  Pylon  
  73  12:20  Pylon  
  73  12:25  Cybernetics Core  
  73  12:28  Cybernetics Core  
  73  12:30  Nexus  
  73  12:31  Pylon  
  73  12:34  Pylon  
Tags
 
Add a new tag
Caveats
  • Supply blocks, unpowered buildings, or Contaminate may cause inaccurate times.
  • Supply counts are checked every 10 seconds.